 Dungeon Crawl Stone Soup version 0.30-a0-782-ge64f9170bb (console) character file.

Game seed: 17285659595192005048

2727 rlgrobin the Thaumaturge (level 9, -1/48 (52) HPs)
             Began as an Octopode Hedge Wizard on Feb 20, 2023.
             Was an Initiate of Gozag.
             Slain by a troll (11 damage)
             ... on level 8 of the Dungeon.
             The game lasted 00:21:12 (8647 turns).

rlgrobin the Thaumaturge (Octopode Hedge Wizard)    Turns: 8647, Time: 00:21:13

HP:   -1/48 (52)    AC:  2    Str:  9    XL:     9   Next: 67%
MP:   19/21         EV: 16    Int: 18    God:    Gozag
Gold: 557           SH:  0    Dex: 20    Spells: 12/24 levels left

rFire   . . .      SeeInvis .    a - +1 dagger (venom)
rCold   . . .      Faith    .    (no shield)
rNeg    . . .      Spirit   .    k - +1 hat
rPois   .          Reflect  .    (no amulet)
rElec   .          Harm     .    o - +6 ring of dexterity
rCorr   .          Rampage  .    s - ring of willpower
Will    +....                    (no ring)
Stlth   ++++                     (no ring)
HPRegen 0.28/turn                (no ring)
MPRegen 0.17/turn                (no ring)
                                 (no ring)
                                 (no ring)

@: drained
A: almost no armour, amphibious, 8 rings, camouflage 1, gelatinous body 1,
(nimble swimmer 1), tentacles
a: Renounce Religion, Potion Petition, Call Merchant, Bribe Branch


You were on level 8 of the Dungeon.
You worshipped Gozag.
Gozag was pleased with you.
You visited 2 branches of the dungeon, and saw 9 of its levels.
You also visited: Sewer.

You collected 764 gold pieces.
You paid 207 gold pieces to Gozag.

Inventory:

Hand Weapons
 a - a +1 dagger of venom (weapon)
 z - a +4 whip
Armour
 k - a +1 hat (worn)
Jewellery
 b - a ring of ice
 o - a +6 ring of dexterity (left tentacle)
 s - a ring of willpower (right tentacle)
Wands
 i - a wand of quicksilver (13)
 j - a wand of mindburst (3)
 w - a wand of paralysis (8)
 y - a wand of flame (7)
Scrolls
 e - 2 scrolls of vulnerability
 g - 6 scrolls of teleportation
 l - a scroll of blinking
Potions
 c - 2 potions of magic
 d - 3 potions of heal wounds
 f - 4 potions of flight
 h - 2 potions of might
 n - 2 potions of ambrosia
 p - 4 potions of attraction
 r - 2 potions of haste
 t - a potion of curing
 u - a potion of brilliance
 v - a potion of cancellation
 x - 2 potions of berserk rage {unknown}


   Skills:
 - Level 0.5 Fighting
 - Level 5.0 Dodging
 - Level 3.2 Stealth
 - Level 8.0 Spellcasting
 - Level 6.0 Conjurations
 + Level 4.3 Summonings
 - Level 1.0 Translocations
 + Level 3.0 Ice Magic
 - Level 3.1 Air Magic


You had 12 spell levels left.
You knew the following spells:

 Your Spells              Type           Power      Damage    Failure   Level
a - Magic Dart            Conj           100%       1d8       1%          1
b - Call Imp              Summ           22%        N/A       2%          2
c - Mephitic Cloud        Conj/Pois/Air  18%        N/A       9%          3
d - Blink                 Tloc           20%        N/A       10%         2
e - Summon Ice Beast      Ice/Summ       20%        N/A       22%         4

Your spell library contained the following spells:

 Spells                   Type           Power      Damage    Failure   Level
 Frozen Ramparts          Ice            36%        1d6       9%          3
 Necrotise                Necr           28%        1d5       10%         1
 Slow                     Hex            28%        N/A       10%         1
 Cigotuvi's Dreadful Rot  Necr/Pois/Air  20%        N/A       10%         2
 Inner Flame              Hex/Fire       7%         N/A       28%         3
 Vampiric Draining        Necr           7%         2d6       28%         3
 Ice Form                 Ice/Tmut       12%        N/A       45%         4
 Cause Fear               Hex            3%         N/A       67%         4
 Agony                    Necr           7%         N/A       95%         5
 Discord                  Hex            3%         N/A       100%        8


Dungeon Overview and Level Annotations

Branches:
Dungeon (8/15)             Temple (1/1) D:7           Sewer (visited)
   Lair: D:8-11

Altars:
Ashenzari
Cheibriados
Dithmenos
Elyvilon
Fedhas
Gozag
Kikubaaqudgha
Makhleb
Nemelex Xobeh
Okawaru
Qazlal
Ru
Trog
Uskayaw
Vehumet
Wu Jian
Xom
Yredelemnul
Zin
The Shining One

Shops:
D:1 :   D:2 *   D:7 *

Annotations:
D:3 3 runed translucent doors, Sphara's ghost, amateur HODe; clease's ghost, amateur HOFi
D:5 1 runed translucent door


Innate Abilities, Weirdness & Mutations

You cannot wear most types of armour.
You are amphibious.
You can wear up to eight rings at the same time.
Your skin changes colour to match your surroundings (Stealth+).
Your rubbery body absorbs attacks. (AC +1, EV +1)
((You are camouflaged when in or above water. (Stealth+)))
You have tentacles for arms and can constrict up to eight enemies at once.


Message History

You barely miss the wight. You grab the wight.
You squeeze the wight, but do no damage.
The wight is moderately damaged.
You constrict the wight, but do no damage.
The wight closely misses you.
The troll laughs at nothing.
The troll misses you. The troll claws you!
* * * LOW HITPOINT WARNING * * *
The troll misses you.
You feel much better.
You constrict the wight, but do no damage.
Your iron imp hits the troll!
The troll misses you. The troll closely misses you.
The troll barely misses you.
The wight hits you with a +4 battleaxe!!
* * * LOW HITPOINT WARNING * * *
You feel drained.
* * * LOW HITPOINT WARNING * * *
You feel much better.
You constrict the wight, but do no damage.
Your iron imp hits the troll.
The wight closely misses you.
You hit the wight but do no damage.
The wight is moderately damaged.
You constrict the wight, but do no damage.
The wight misses you.
Your iron imp hits the troll!
You hit the wight but do no damage.
The wight is moderately damaged.
You constrict the wight. The wight closely misses you.
You hit the wight. You squeeze the wight.
The wight is severely damaged.
You constrict the wight, but do no damage.
The wight closely misses you.
You barely miss the wight.
The wight is severely damaged.
You constrict the wight.
The troll seems less confused.
Your iron imp closely misses the troll.
The wight barely misses you. The troll barely misses you. The troll claws you!
* * * LOW HITPOINT WARNING * * *
The troll claws you!
You die...
Your body crumbles into a pile of gold.

....# #.#....#####
[...# #.#........
....# #.##......#
....######.# ##....#
....'......# ....#
....######## #...#
....# #...##
################....#
'...............@T5.#
################z$...#
# #...#+# # ##.....>.$
# # #.........# #
....... #.........# #
.!..... #.........# #
....... #.........#
....... #zz.......#


You could see a troll (ally target), a wight and a friendly iron imp (summoned).

Vanquished Creatures
  A steam dragon (D:6)
  A black bear (D:7)
  An orc warrior (D:8)
  2 ice beasts
  An ogre (D:6)
  2 bullfrogs
  A gnoll sergeant (D:7)
  4 scorpions
  8 wights
  2 electric eels (D:7)
  An orc priest (D:8)
  2 jellies (D:6)
  4 orc wizards
  2 iguanas
  A sickly merfolk siren (Sewer)
  A malarious merfolk avatar (Sewer)
  3 gnolls (D:7)
  10 adders
  2 river rats (Sewer)
  2 ufetubi (D:6)
  17 orcs
  12 ball pythons
  5 endoplasms
  3 giant cockroaches
  10 goblins
  6 hobgoblins
  5 quokkas
  A bat (D:3)
  5 frilled lizards
  7 kobolds
  23 rats
  A butterfly (D:6)
  A toadstool (D:5)
147 creatures vanquished.

Vanquished Creatures (collateral kills)
  2 water moccasins
  An ogre (D:5)
  A phantom (D:5)
  4 wights
  A jelly (D:4)
  An orc priest (D:3)
  An iguana (D:6)
  3 orcs (D:3)
  An endoplasm (D:4)
  A goblin (D:3)
  A quokka (D:5)
  A ball python (Sewer)
  3 frilled lizards
  A butterfly (D:6)
22 creatures vanquished.

Vanquished Creatures (others)
  A fungus (D:5)
  6 plants
  2 toadstools (D:5)
  9 withered plants
18 creatures vanquished.

Grand Total: 187 creatures vanquished

Notes
Turn   | Place    | Note
-------+----------+-------------------------------------------
     0 | D:1      | rlgrobin the Octopode Hedge Wizard began the quest for the
                  | Orb.
     0 | D:1      | Reached XP level 1. HP: 11/11 MP: 4/4
    73 | D:1      | Found Ohyoc's Book Boutique.
   191 | D:1      | Found a faded altar of an unknown god.
   440 | D:1      | Reached XP level 2. HP: 17/17 MP: 3/6
   955 | D:1      | Learned a level 2 spell: Call Imp
  1346 | D:2      | Reached XP level 3. HP: 21/21 MP: 4/7
  1417 | D:2      | Found Lunao's Assorted Antiques.
  2107 | D:3      | Reached XP level 4. HP: 25/27 MP: 9/9
  2307 | D:3      | Reached skill level 4 in Spellcasting
  2409 | D:3      | Reached XP level 5. HP: 31/31 MP: 8/11
  2517 | D:3      | Found a runed translucent gate.
  2517 | D:3      | Found a runed translucent gate.
  2517 | D:3      | Found a runed translucent gate.
  2518 | D:3      | Noticed clease's ghost (amateur HOFi)
  2519 | D:3      | Noticed Sphara's ghost (amateur HODe)
  2593 | D:3      | Found a basalt altar of Yredelemnul.
  2594 | D:3      | Found a bloodstained altar of Trog.
  2947 | D:3      | Learned a level 2 spell: Blink
  2951 | D:3      | Learned a level 3 spell: Mephitic Cloud
  3494 | D:4      | You fall into a shaft and drop 2 floors!
  3524 | D:6      | Noticed an ogre
  3683 | D:5      | Entered Level 5 of the Dungeon
  3757 | D:5      | Noticed an ogre
  3762 | D:5      | Killed an ogre
  3763 | D:5      | Reached XP level 6. HP: 36/36 MP: 11/13
  3819 | D:5      | Found a runed translucent door.
  3911 | D:5      | Found a glowing drain.
  3944 | Sewer    | Entered a sewer
  4021 | Sewer    | Reached skill level 5 in Spellcasting
  4216 | Sewer    | Reached skill level 1 in Air Magic
  4837 | D:5      | Reached XP level 7. HP: 25/41 MP: 9/14
  5637 | D:6      | Noticed a steam dragon
  5870 | D:6      | Reached skill level 6 in Spellcasting
  5870 | D:6      | Reached skill level 5 in Conjurations
  5870 | D:6      | Reached XP level 8. HP: 44/46 MP: 14/17
  6084 | D:6      | Found a hide-covered altar of Uskayaw.
  6364 | D:6      | Found a shimmering altar of Xom.
  6534 | D:6      | Reached skill level 7 in Spellcasting
  6654 | D:7      | Found a staircase to the Ecumenical Temple.
  6837 | D:7      | Reached XP level 9. HP: 26/51 MP: 14/20
  6995 | Temple   | Entered the Ecumenical Temple
  7165 | Temple   | Became a worshipper of Gozag Ym Sagoz the Greedy
  7765 | D:7      | Reached skill level 8 in Spellcasting
  7768 | D:7      | Found Beqoarao's Fire Supplies.
  7779 | D:7      | Reached skill level 5 in Dodging
  7889 | D:7      | Learned a level 4 spell: Summon Ice Beast
  7949 | D:7      | Reached skill level 1 in Ice Magic
  8109 | D:7      | Found a snail-covered altar of Cheibriados.
  8462 | D:8      | Noticed a troll
  8504 | D:8      | Found a stormy altar of Qazlal.
  8506 | D:8      | Found a sacrificial altar of Ru.
  8510 | D:8      | Found a burning altar of Makhleb.
  8647 | D:8      | Slain by a troll

Illustrated notes

Levels and vault maps discovered:
D:1:      heliophobic_arrival_ceremonial_halls, layout_loops_ring, serial_shops,
          shop, shapermc_ecumenical_altar_flowoftime, minivault_4
D:2:      layout_basic, serial_shops, nicolae_shop_stone
D:3:      layout_basic, jmf_multi_god_temple, gammafunk_ghost_cemetery,
          hangedman_feature_mirror, supply_closet_lemuel
D:4:      layout_loops_ring, kennysheep_generic_room_14
D:5:      layout_basic, portal_sewer_entry_f, minmay_gold_behind_fungi,
          lightli_church_of_beogh
D:6:      layout_rooms, overflow_temple_1_default, xom_butterflies
D:7:      layout_cave_pools, lemuel_coloured_pillars_altar,
          minmay_temple_entry_large_hall, chequers_big_river,
          nicolae_shop_fire_sale [nicolae_sub_dead_trees],
          chequers_decorated_corner, dk_rats_in_the_wall
D:8:      layout_basic, grunt_temple_overflow_diamond,
          lightli_ossuary_entry_decrepit_ruins, grunt_ministairs_10
Temple:   hellmonk_temple_forest_ring

Skill      XL: |  1  2  3  4  5  6  7  8  9 |
---------------+----------------------------+-----
Stealth        | 3 |  3.2
Conjurations   | 2 3 5 6 |  6.0
Spellcasting   | 4 5 6 7 8 |  8.0
Summonings     | 2 4 |  4.3
Air Magic      | 1 3 |  3.1
Dodging        | 3 5 |  5.0
Ice Magic      | 3 |  3.0
Fighting       | |  0.5
Translocations | |  1.0

Action                     |  1- 3 |  4- 6 |  7- 9 || total
---------------------------+-------+-------+-------++-------
  Melee: Dagger            |    12 |       |    26 ||    38
         Constrict         |    12 |    31 |    36 ||    79
         Tentacles         |     7 |    24 |    41 ||    72
         Whip              |     5 |   112 |   118 ||   235
         Punch             |       |     2 |     2 ||     4
   Cast: Magic Dart        |    50 |    29 |    72 ||   151
         Call Imp          |     1 |    19 |    30 ||    50
         Mephitic Cloud    |       |       |     7 ||     7
  Evoke: Wand              |       |       |    14 ||    14
    Use: Scroll            |       |    11 |     7 ||    18
         Potion            |       |     2 |     4 ||     6
   Stab: Sleeping          |     2 |    20 |     5 ||    27
         Confused          |       |       |     2 ||     2
         Distracted        |       |       |     1 ||     1
 Armour: Skin              |     1 |     9 |    10 ||    20
  Dodge: Dodged            |     2 |    52 |   113 ||   167

Table legend: (Time is in decaauts)
 A = Elapsed time spent in this place.
 B = Non-inter-level travel time spent in this place.
 C = Inter-level travel time spent in this place.
 D = Time resting spent in this place.
 E = Time spent auto-exploring this place.
 F = Levels seen in this place.
 G = Mean time per level.
                   A        B        C        D        E       F      G
               +--------+--------+--------+--------+--------+-----+--------+
         Total |   8670 |   8308 |    362 |   1629 |   4687 |  10 |  867.0 |
       Dungeon |   8003 |   7675 |    328 |   1546 |   4440 |   8 | 1000.4 |
        Temple |    185 |    151 |     34 |      0 |    139 |   1 |  185.0 |
         Sewer |    481 |    481 |      0 |     83 |    108 |   1 |  481.0 |
               +--------+--------+--------+--------+--------+-----+--------+

Top non-repeatable levels by time:
     D:7: 1337 daAuts
     D:6: 1194 daAuts
     D:3: 1161 daAuts
     D:2: 1091 daAuts
     D:5: 1064 daAuts
     D:1: 956 daAuts
     D:4: 915 daAuts
   Sewer: 481 daAuts
     D:8: 283 daAuts
  Temple: 185 daAuts
